 Dungeon Crawl Stone Soup version 0.17.1-2-g5865329 (webtiles) character file.

3663 Mysteryquy the Thaumaturge (level 9, -8/47 HPs)
             Began as a Deep Elf Wizard on Jan 12, 2016.
             Was a Priest of Sif Muna.
             Mangled by an orc warrior
             ... wielding a +0 mace
              (10 damage)
             ... on level 8 of the Dungeon.
             The game lasted 00:27:19 (12778 turns).

Mysteryquy the Thaumaturge (Deep Elf Wizard)       Turns: 12778, Time: 00:27:19

Health: -8/47      AC:  5    Str:  4    XL:     9   Next: 89%
Magic:  9/27       EV: 12    Int: 27    God:    Sif Muna [***...]
Gold:   390        SH:  0    Dex: 13    Spells: 4 memorised, 24 levels left

rFire  . . .     SeeInvis .     p - +3 dagger
rCold  . . .     Clarity  .     a - +0 robe
rNeg   . . .     SustAt   .     (no shield)
rPois  .         Gourm    .     b - +0 hat
rElec  .         Spirit   .     k - +0 cloak
rCorr  .         Warding  .     J - +1 pair of gloves
rMut   .         Stasis   .     (no boots)
MR     .....                    (no amulet)
Stlth  ++........               (no ring)
                                (no ring)

@: not resistant to hostile enchantments, unstealthy
A: no striking features
a: Channel Energy, Forget Spell, Renounce Religion


You were on level 8 of the Dungeon.
You worshipped Sif Muna.
Sif Muna was most pleased with you.
You were hungry.

You visited 1 branch of the dungeon, and saw 8 of its levels.

You collected 390 gold pieces.

Inventory:

Hand Weapons
 p - a +3 dagger (weapon)
 y - the +10 hand axe of Disgust {venom, +Inv rElec Int-4 Dex+3}
   (You found it on level 4 of the Dungeon)

   It poisons the flesh of those it strikes.
   It affects your intelligence (-4).
   It affects your dexterity (+3).
   It insulates you from electricity.
   It lets you turn invisible.
Armour
 a - a +0 robe (worn)
 b - a +0 hat (worn)
 k - a +0 cloak (worn)
 J - a +1 pair of gloves (worn)
Jewellery
 x - an uncursed ring of protection from cold {unknown}
Wands
 v - a wand of digging (24)
 D - a wand of fireball (7)
 E - a wand of draining (4)
 H - a wand of hasting (2)
 I - a wand of frost (23)
 L - a wand of cold (6)
Scrolls
 e - 3 scrolls of remove curse
 g - a scroll of recharging
 h - a scroll of immolation
 j - 7 scrolls of identify
 n - 3 scrolls of teleportation
 o - a scroll of amnesia
 C - a scroll of random uselessness {unknown}
 F - a scroll of magic mapping {unknown}
 G - a scroll of enchant weapon {unknown}
Potions
 i - 2 potions of cancellation {unknown}
 m - 2 potions of lignification {unknown}
 r - 4 potions of degeneration {unknown}
 s - 4 potions of might
 u - 3 potions of brilliance {unknown}
 w - 4 potions of flight {unknown}
 z - 2 potions of agility {unknown}
 A - a potion of ambrosia
 B - 2 potions of curing
 K - a potion of berserk rage {unknown}
Books
 c - a book of Minor Magic

   Spells                             Type                      Level
   a - Magic Dart                     Conjuration                  1
   b - Blink                          Translocation                2
   c - Call Imp                       Summoning                    2
   d - Repel Missiles                 Charms/Air                   2
   e - Slow                           Hexes                        2
   f - Conjure Flame                  Conjuration/Fire             3
   g - Mephitic Cloud                 Conjuration/Poison/Air       3
Miscellaneous
 f - a plain deck of escape
Comestibles
 d - 5 bread rations
 l - 5 meat rations
 t - a beef jerky


   Skills:
 + Level 1.4 Fighting
 - Level 5.1 Short Blades
 - Level 2.4 Dodging
 - Level 2.4 Stealth
 + Level 12.9 Spellcasting
 + Level 8.8 Conjurations
 - Level 1.3 Hexes
   Level 1.1 Summonings
   Level 1.1 Translocations
 + Level 1.4 Fire Magic
 + Level 1.4 Air Magic
 + Level 1.4 Poison Magic
 + Level 0.2 Invocations


You had 24 spell levels left.
You knew the following spells:

 Your Spells              Type           Power        Failure   Level  Hunger
a - Magic Dart            Conj           ####         1%          1    None
b - Slow                  Hex            ###.....     2%          2    None
c - Mephitic Cloud        Conj/Pois/Air  #####...     1%          3    None
d - Conjure Flame         Conj/Fire      #####...     1%          3    None


Dungeon Overview and Level Annotations

Branches:
Dungeon (8/15)             Temple (0/1) D:7
   Lair: D:8-11

Altars:
Fedhas
Kikubaaqudgha
Ru
Sif Muna
Trog

Shops:
D:6 }

Annotations:
D:3 pipboy's ghost, amateur CeHu
D:8 Erica


Message History

Confirm with . or Enter, or press ? or * to list all spells.
Aiming: Magic Dart
Press: ? - help, Shift-Dir - straight line, f/p - orc warrior
Aim: an orc warrior, wielding a mace and wearing a plate armour (severely wounded)
The magic dart hits the orc warrior.
The orc warrior is severely wounded.
The orc warrior hits you with a mace.
* * * LOW HITPOINT WARNING * * *
The orc wizard gestures at you while chanting.
The puff of frost misses you.
There are monsters nearby!
Casting: Magic Dart
Confirm with . or Enter, or press ? or * to list all spells.
Aiming: Magic Dart
Press: ? - help, Shift-Dir - straight line, f/p - orc warrior
Aim: an orc warrior, wielding a mace and wearing a plate armour (severely wounded)
The magic dart hits the orc warrior.
The orc warrior is severely wounded.
The orc warrior hits you with a mace!
You die...

. ## #.#
#..#### #...
#....#
#...>####@###
.......oooo.#
......[.....#
..!...(.....#
............#
#....##.....#
#.... ####.##
..#. .# . #
.#


You could see an orc warrior, an orc wizard and 2 orcs.

Vanquished Creatures
  Grinder (D:5)
  Sigmund (D:2)
  Edmund (D:4)
  An orc warrior (D:8)
  4 phantoms
  An ice beast (D:7)
  4 sky beasts
  A centaur (D:8)
  3 ogres
  A gnoll sergeant (D:8)
  2 giant frogs
  3 scorpions
  3 crimson imps
  5 hounds
  A centaur skeleton (D:8)
  6 jellies
  Crazy Yiuf (D:4)
  Ijyb (D:2)
  A giant frog skeleton (D:5)
  5 orc priests
  Terence (D:2)
  2 iguanas (D:5)
  Natasha (thrice) (D:2)
  12 orc wizards
  A worker ant (D:4)
  14 gnolls
  15 adders
  4 shadow imps
  An ooze (D:2)
  7 worms
  3 giant geckos
  36 orcs
  9 bats
  11 giant cockroaches
  11 hobgoblins
  7 jackals
  5 quokkas
  2 ball pythons (D:2)
  5 giant newts
  10 goblins
  A jackal skeleton (D:5)
  3 kobolds
  A quokka skeleton (D:7)
  10 rats
220 creatures vanquished.

Notes
Turn   | Place    | Note
--------------------------------------------------------------
     0 | D:1      | Mysteryquy the Deep Elf Wizard began the quest for the Orb.
     0 | D:1      | Reached XP level 1. HP: 10/10 MP: 7/7
   351 | D:1      | Reached skill level 5 in Spellcasting
   418 | D:1      | Reached XP level 2. HP: 15/15 MP: 7/10
  1358 | D:2      | Noticed Terence
  1546 | D:2      | Reached XP level 3. HP: 10/19 MP: 0/12
  1928 | D:1      | Reached skill level 6 in Spellcasting
  2136 | D:1      | Learned a level 2 spell: Slow
  2221 | D:2      | Noticed Sigmund
  2256 | D:2      | Noticed Ijyb
  2278 | D:2      | Killed Ijyb
  2278 | D:2      | Reached XP level 4. HP: 21/24 MP: 0/14
  2358 | D:2      | Learned a level 3 spell: Mephitic Cloud
  2402 | D:2      | Noticed Natasha
  2412 | D:2      | Killed Natasha
  2650 | D:2      | Noticed Natasha
  2653 | D:2      | Killed Natasha
  2694 | D:2      | Killed Sigmund
  2694 | D:2      | Reached skill level 7 in Spellcasting
  2694 | D:2      | Reached skill level 1 in Hexes
  2694 | D:2      | Reached XP level 5. HP: 28/28 MP: 3/17
  2694 | D:2      | Reached XP level 6. HP: 33/33 MP: 3/18
  2950 | D:2      | Noticed Natasha
  2955 | D:2      | Killed Natasha
  3006 | D:2      | Killed Terence
  3006 | D:2      | Reached skill level 1 in Fighting
  3095 | D:3      | Noticed pipboy's ghost (amateur CeHu)
  3458 | D:3      | Reached skill level 8 in Spellcasting
  4320 | D:3      | Reached XP level 7. HP: 38/38 MP: 7/21
  4708 | D:2      | Learned a level 3 spell: Conjure Flame
  5008 | D:3      | Reached skill level 1 in Poison Magic
  5739 | D:4      | Reached skill level 9 in Spellcasting
  5946 | D:4      | Reached skill level 5 in Conjurations
  6082 | D:4      | Got a slimy hand axe
  6083 | D:4      | Identified the +10 hand axe of Disgust {venom, +Inv rElec Int-4 Dex+3} (You found it on level 4 of the Dungeon)
  6563 | D:4      | Noticed Edmund
  6573 | D:4      | Killed Edmund
  6783 | D:4      | Noticed Crazy Yiuf
  6793 | D:4      | Killed Crazy Yiuf
  6793 | D:4      | Reached XP level 8. HP: 43/43 MP: 11/23
  6969 | D:5      | Entered Level 5 of the Dungeon
  7017 | D:5      | Found a deep blue altar of Sif Muna.
  7379 | D:5      | Noticed a moth of wrath
  7469 | D:5      | Found a bloodstained altar of Trog.
  7923 | D:5      | Became a worshipper of Sif Muna the Loreminder
  7949 | D:5      | Found an ancient bone altar of Kikubaaqudgha.
  7950 | D:5      | Found a blossoming altar of Fedhas.
  8053 | D:5      | Reached skill level 5 in Short Blades
  8129 | D:5      | Noticed Grinder
  8140 | D:5      | Killed Grinder
  8140 | D:5      | Reached skill level 10 in Spellcasting
  8140 | D:5      | Reached skill level 1 in Fire Magic
  8540 | D:6      | Found a sacrificial altar of Ru.
  8583 | D:6      | Reached skill level 1 in Air Magic
  8591 | D:6      | Reached * piety under Sif Muna
  9093 | D:6      | Reached XP level 9. HP: 47/47 MP: 13/25
  9243 | D:6      | Reached skill level 11 in Spellcasting
  9557 | D:6      | Found Ucvoustre's Quality Used Wands.
 10201 | D:7      | Reached ** piety under Sif Muna
 11009 | D:7      | Found a staircase to the Ecumenical Temple.
 11211 | D:8      | Noticed Erica
 11227 | D:8      | Reached skill level 12 in Spellcasting
 12106 | D:7      | Reached *** piety under Sif Muna
 12777 | D:8      | HP: 2/47 [orc warrior/mace (4)]
 12778 | D:8      | Mangled by an orc warrior

Action                   |  1- 3 |  4- 6 |  7- 9 || total
-------------------------+-------+-------+-------++-------
Melee: Unarmed           |    33 |       |       ||    33
       Dagger            |    11 |     5 |       ||    16
 Cast: Magic Dart        |   115 |   112 |   661 ||   888
       Slow              |     4 |     1 |       ||     5
       Mephitic Cloud    |       |    10 |    17 ||    27
       Conjure Flame     |       |       |    14 ||    14
  Use: Potion            |     2 |       |       ||     2
       Scroll            |       |       |     6 ||     6
  Eat: Chunk             |     4 |     6 |    22 ||    32
       Pizza             |       |       |     2 ||     2
